 Dungeon Crawl Stone Soup version 0.30-a0-989-g0d87f670db (webtiles) character file.

Game seed: 15594458296198868563

53 jtron the Trooper (level 3, 0/40 HPs)
             Began as an Ogre Monk on Apr 3, 2023.
             Was a Priest of Wu Jian.
             Slain by a scorpion (6 damage)
             ... on level 2 of the Dungeon.
             The game lasted 00:03:03 (1812 turns).

jtron the Trooper (Ogre Monk)                       Turns: 1812, Time: 00:03:04

Health: 0/40       AC:  3    Str: 15    XL:     3   Next: 87%
Magic:  3/3        EV: 10    Int: 13    God:    Wu Jian [***...]
Gold:   93         SH:  0    Dex: 11    Spells: 2/2 levels left

rFire   . . .      SeeInvis .    a - +0 spear
rCold   . . .      Faith    .    (no shield)
rNeg    . . .      Spirit   .    b - +0 robe
rPois   .          Reflect  .    (helmet restricted)
rElec   .          Rampage  .    (no cloak)
rCorr   .                        (gloves unavailable)
Will    .....                    (boots unavailable)
Stlth   ++                       (no amulet)
HPRegen 0.26/turn                (no ring)
MPRegen 0.08/turn                (no ring)

@: lethally poisoned (0 -> -2), hasted, very quick
A: large, unfitting armour, tough skin 1
a: Renounce Religion, Wall Jump, Serpent's Lash


You were on level 2 of the Dungeon.
You worshipped Wu Jian.
Wu Jian was most pleased with you.
You visited 1 branch of the dungeon, and saw 2 of its levels.

You collected 93 gold pieces.

Inventory:

Hand Weapons
 a - a +0 spear (weapon)
Missiles
 g - 8 stones (quivered)
 h - 5 poisoned darts
Armour
 b - a +0 robe (worn)
Scrolls
 d - 2 scrolls of identify {unknown}
 f - a scroll of amnesia {unknown}
 j - a scroll of immolation {unknown}
 k - a scroll of teleportation {unknown}
 l - a scroll of poison


   Skills:
 + Level 4.5 Fighting
 + Level 3.4 Polearms
 + Level 3.4 Dodging
 + Level 1.7 Stealth


You had 2 spell levels left.
You didn't know any spells.
Your spell library was empty.

Dungeon Overview and Level Annotations

Branches:
Dungeon (2/15)

Altars:
Wu Jian


Innate Abilities, Weirdness & Mutations

You are too large for most types of armour.
You have tough skin. (AC +1)


Message History

You bump into the rock wall.
You feel less invigorated.
You feel less confused.
You feel very sick. The scorpion completely misses you.
You hit the scorpion but do no damage.
You feel sick. The scorpion stings you.
You hit the scorpion.
The scorpion is lightly wounded.
You feel sick.
The scorpion stings you but does no damage.
You hit the scorpion but do no damage.
The scorpion is lightly wounded.
You feel sick.
The scorpion stings you but does no damage.
You hit the scorpion.
The scorpion is moderately wounded.
You feel sick. The scorpion stings you.
You are more poisoned.
The scorpion poisons you!
You closely miss the scorpion.
The scorpion is moderately wounded.
You feel very sick. The scorpion closely misses you. The scorpion stings you.
You hit the scorpion.
The scorpion is heavily wounded.
You feel sick. The scorpion stings you.
* * * LOW HITPOINT WARNING * * *
You hit the scorpion but do no damage.
The scorpion is heavily wounded.
You feel sick. The scorpion closely misses you.
You closely miss the scorpion.
The scorpion is heavily wounded.
You feel sick. The scorpion barely misses you.
It was a potion of cancellation.
You feel magically purged.
You feel sick. The scorpion completely misses you.
It was a potion of haste.
You feel yourself speed up.
You feel sick. The scorpion barely misses you.
You hit the scorpion but do no damage.
The scorpion is heavily wounded.
You feel sick. The scorpion stings you.
You die...

#. #.#.#....##
....###.#.#....#
........#.#...#######
#.............#
......s.#.###>......#
.....##.#.# #.......#
.... ..#.# #.......#
... ####s# #.......#
.. #@# #.......# .
#.# #.......# #.#
#.......# #.#
######### ..# ###


You could see a scorpion.

Vanquished Creatures
  An adder (D:2)
  3 endoplasms
  2 giant cockroaches
  7 hobgoblins
  4 jackals (D:1)
  3 quokkas
  2 ball pythons
  3 bats
  4 frilled lizards
  5 goblins (D:1)
  2 kobolds (D:1)
  4 rats (D:1)
40 creatures vanquished.

Notes
Turn   | Place    | Note
-------+----------+-------------------------------------------
     0 | D:1      | jtron the Ogre Monk began the quest for the Orb.
     0 | D:1      | Reached XP level 1. HP: 24/24 MP: 1/1
   165 | D:1      | Reached XP level 2. HP: 30/32 MP: 2/2
   968 | D:1      | Reached XP level 3. HP: 40/40 MP: 3/3
  1128 | D:1      | Found a faded altar of an unknown god.
  1131 | D:1      | Prayed at the altar of an unknown god.
  1131 | D:1      | Became a worshipper of the Wu Jian Council
  1131 | D:1      | Reached * piety under Wu Jian
  1131 | D:1      | Reached ** piety under Wu Jian
  1421 | D:2      | Reached *** piety under Wu Jian
  1768 | D:2      | Noticed a scorpion
  1812 | D:2      | Slain by a scorpion

Illustrated notes

Levels and vault maps discovered:
D:1:      co_arrival_random_square_maze, layout_loops_corners,
          shapermc_ecumenical_altar_mp_vishouse
D:2:      layout_basic, minmay_split_cup_small

Skill      XL: |  1  2 |
---------------+-------+-----
Dodging        | 3 |  3.4
Fighting       | |  4.5
Polearms       | |  3.4
Stealth        | |  1.7

Action                     || total
---------------------------++-------
  Melee: Spear             ||   226
         Punch             ||     2
Ability: Lunge             ||     2
    Use: Potion            ||     3
         Scroll            ||     1
   Stab: Sleeping          ||     4
 Armour: Robe              ||    42
  Dodge: Dodged            ||   112

Table legend: (Time is in decaauts)
 A = Elapsed time spent in this place.
 B = Non-inter-level travel time spent in this place.
 C = Inter-level travel time spent in this place.
 D = Time resting spent in this place.
 E = Time spent auto-exploring this place.
 F = Levels seen in this place.
 G = Mean time per level.
                   A        B        C        D        E       F      G
               +--------+--------+--------+--------+--------+-----+--------+
         Total |   1799 |   1765 |     34 |    209 |   1195 |   2 |  899.5 |
       Dungeon |   1799 |   1765 |     34 |    209 |   1195 |   2 |  899.5 |
               +--------+--------+--------+--------+--------+-----+--------+

Top non-repeatable levels by time:
     D:1: 1268 daAuts
     D:2: 531 daAuts
